cohdb
Replays
Latest Replays
All Replays
Popular Replays
Top Player Replays
Match Explorer
How It Works
Community
CoH3 Stats
Reddit
Sign in to upload your games and track your stats! →
Sign in with Steam
Match 41865570
Unlisted
Match 41865570
Overview
Messages
Build Orders
End
Construct Barracks
Selects Special Operations Battlegroup
Selects M29 Weasel Recon Vehicle
M29 Weasel Recon Vehicle
Riflemen Squad
Riflemen Squad
Riflemen Squad
Mechanized Support Center
Construct Weapon Support Center
M3 Armored Personnel Carrier
Selects Mark Vehicle
Selects UNKNOWN (2162291)
Selects Raiding Flares
Sniper
Construct Tank Depot
Selects SSF Commando Squad
SSF Commando Squad
M4A1 Sherman Whizbang
Selects Air Re-supply Operation
Air Re-Supply Operation
Scout Squad
M4A1 Sherman Whizbang
Microsoft Outlook
deadsadbadmad
Mr Newton
v4mp - HTB -
0
0
Comments
sign in to comment!
No comments posted yet!